 Dungeon Crawl Stone Soup version 0.18-a0-1655-ge2d8d33 (webtiles) character file.

373 Oddball22 the Skirmisher (level 6, -1/51 HPs)
             Began as a Demonspawn Monk on Mar 31, 2016.
             Slain by Edmund
             ... wielding a +4 flail of crushing
              (2 damage)
             ... on level 4 of the Dungeon.
             The game lasted 00:06:24 (2755 turns).

Oddball22 the Skirmisher (Demonspawn Monk)          Turns: 2755, Time: 00:06:24

Health: -1/51      AC: 10    Str: 12    XL:     6   Next: 43%
Magic:  6/6        EV: 14    Int: 14    God:
Gold:   121        SH:  0    Dex: 15    Spells: 0 memorised, 5 levels left

rFire  + . .     SeeInvis .     m - +0 war axe
rCold  . . .     Gourm    .     a - +0 robe
rNeg   . . .     Faith    .     (no shield)
rPois  .         Spirit   .     (no helmet)
rElec  .         Dismiss  .     (no cloak)
rCorr  .         Reflect  .     e - +0 pair of gloves (curse)
SustAt .         Harm     .     (no boots)
MR     .....                    (no amulet)
Stlth  ++........               z - ring of protection from fire
                                w - +3 ring of intelligence

@: not resistant to hostile enchantments, unstealthy
A: rough black scales 2, powered by pain 1, spiny 1
a: no special abilities


You were on level 4 of the Dungeon.
You were not hungry.

You visited 1 branch of the dungeon, and saw 4 of its levels.

You collected 121 gold pieces.

Inventory:

Hand Weapons
 m - a +0 war axe (weapon)
 u - the +10 spear "Soij" {pierce, rC- Str+3 Int+2, unknown}
   (You found it on level 4 of the Dungeon)

   It inflicts extra damage upon your enemies.
   It affects your strength (+3).
   It affects your intelligence (+2).
   It makes you vulnerable to cold.
 v - a +2 dagger of venom
Missiles
 r - 43 bolts
 y - 7 javelins (quivered)
Armour
 a - a +0 robe (worn)
 e - a cursed +0 pair of gloves (worn)
Jewellery
 k - an uncursed amulet of dismissal
 w - a +3 ring of intelligence (left hand)
 z - a ring of protection from fire (right hand)
Scrolls
 l - 2 scrolls of fear {unknown}
 n - 3 scrolls of identify {unknown}
 p - 3 scrolls of remove curse {unknown}
 q - a scroll of immolation {unknown}
 s - 4 scrolls of teleportation {unknown}
 t - 3 scrolls of magic mapping {unknown}
 x - 5 scrolls of enchant weapon {unknown}
Potions
 f - a potion of cancellation {unknown}
 i - 2 potions of heal wounds {unknown}
 j - a potion of magic {unknown}
Comestibles
 b - 4 bread rations
 c - a slice of pizza
 g - 3 meat rations
 h - 5 fruits


   Skills:
 * Level 5.6 Fighting
 + Level 4.0 Dodging
 - Level 1.7 Stealth
 + Level 4.6 Unarmed Combat


You had 5 spell levels left.
You didn't know any spells.

Dungeon Overview and Level Annotations

Branches:
Dungeon (4/15)
 Temple: D:4-7

Altars:
Elyvilon
Xom

Annotations:
D:4 Edmund


Innate Abilities, Weirdness & Mutations

You are mostly covered in rough black scales (AC +7, Dex -2).
You sometimes gain a little power by taking damage.
You are partially covered in sharp spines.


Message History

Edmund is moderately wounded.
Edmund hits you but does no damage.
You hit Edmund.
Edmund is heavily wounded.
Edmund hits you with a flail of crushing.
You closely miss Edmund.
Edmund is heavily wounded.
Edmund hits you with a flail of crushing!
* * * LOW HITPOINT WARNING * * *
x2 Drink which item? (? for menu, Esc to quit)
You feel better. Edmund hits you but does no damage.
Drink which item? (? for menu, Esc to quit)
You feel better. Edmund is struck by your spines.
Edmund hits you with a flail of crushing!
* * * LOW HITPOINT WARNING * * *
x2 Drink which item? (? for menu, Esc to quit)
It was a potion of cure mutation.
It has a very clean taste.
Edmund hits you with a flail of crushing!
* * * LOW HITPOINT WARNING * * *
You die...

#. #[...... #...#
#....... #...# #.......
#...# ###..###
####...#########..###
#....................
#....................
...#....................
......@@................
.#..#.##...##....#.....#
# #################


You could see Edmund.

Vanquished Creatures
  Sigmund (D:2)
  The ghost of krfreak the Skirmisher, a weakling OpFi (D:3)
  Ijyb (D:2)
  A gnoll (D:3)
  7 adders
  An ooze (D:3)
  3 dart slugs
  2 giant geckos
  4 orcs (D:3)
  2 giant cockroaches (D:3)
  6 goblins
  11 hobgoblins
  A jackal (D:3)
  14 kobolds
  2 quokkas (D:3)
  3 ball pythons (D:3)
  4 bats (D:3)
  A giant gecko skeleton (D:4)
  2 giant newts
  10 rats
77 creatures vanquished.

Notes
Turn   | Place    | Note
--------------------------------------------------------------
     0 | D:1      | Oddball22 the Demonspawn Monk began the quest for the Orb.
     0 | D:1      | Reached XP level 1. HP: 18/18 MP: 1/1
   212 | D:1      | Gained mutation: You are partially covered in rough black scales (AC +4, Dex -1). [demonic ancestry]
   212 | D:1      | Reached XP level 2. HP: 19/24 MP: 2/2
   824 | D:2      | Found a shimmering altar of Xom.
   912 | D:2      | Noticed Ijyb
   925 | D:2      | Killed Ijyb
   925 | D:2      | Gained mutation: You are mostly covered in rough black scales (AC +7, Dex -2). [demonic ancestry]
   925 | D:2      | Reached XP level 3. HP: 29/30 MP: 3/3
   951 | D:2      | Found a white marble altar of Elyvilon.
  1299 | D:2      | Noticed Sigmund
  1424 | D:2      | Killed Sigmund
  1424 | D:2      | Reached skill level 4 in Fighting
  1424 | D:2      | Reached XP level 4. HP: 17/38 MP: 4/4
  1424 | D:2      | Gained mutation: You are partially covered in sharp spines. [demonic ancestry]
  1424 | D:2      | Reached XP level 5. HP: 20/43 MP: 5/5
  1738 | D:3      | Reached skill level 5 in Fighting
  1791 | D:3      | You fall through a shaft!
  1794 | D:3      | Noticed krfreak's ghost (weakling OpFi)
  1804 | D:3      | Killed krfreak's ghost
  1814 | D:3      | Gained mutation: You sometimes gain a little power by taking damage. [demonic ancestry]
  1814 | D:3      | Reached XP level 6. HP: 51/51 MP: 6/6
  2740 | D:4      | Noticed Edmund
  2743 | D:4      | Got a faintly glowing spear
  2755 | D:4      | HP: 1/51 [Edmund/flail of crushing (8)]
  2755 | D:4      | Slain by Edmund

Vault maps used:
D:1:      lemuel_arrival_muddy, nrook_loot_triangle
D:2:      nicolae_overflow_crystal_walls, lemuel_coloured_pillars_altar,
          uniq_sigmund, uniq_iyjb
D:3:      first_bread, minmay_joined_circles
D:4:      uniq_edmund, uniq_blork_the_orc

Skill      XL: |  1  2  3  4  5  6 |
---------------+-------------------+-----
Dodging        | 3 4 |  4.0
Fighting       | 4 5 |  5.6
Unarmed Combat | 4 |  4.6
Stealth        | |  1.7

Action                   |  1- 3 |  4- 6 || total
-------------------------+-------+-------++-------
Melee: Unarmed           |    52 |       ||    52
       War axe           |    45 |    59 ||   104
  Use: Potion            |       |     3 ||     3
 Stab: Sleeping          |     8 |    10 ||    18
  Eat: Chunk             |     1 |     5 ||     6
